 Dungeon Crawl Stone Soup version 0.27.0-1-g7a089689b8 (webtiles) character file.

Game seed: 1248757061943282196

98 rogsnak the Firebug (level 4, -3/30 HPs)
             Began as a Demonspawn Fire Elementalist on Aug 3, 2021.
             Slain by a gnoll (11 damage)
             ... on level 2 of the Dungeon.
             The game lasted 00:03:43 (1899 turns).

rogsnak the Firebug (Demonspawn Fire Elementalist)  Turns: 1899, Time: 00:03:43

Health: -3/30      AC:  2    Str:  9    XL:     4   Next: 43%
Magic:  0/8        EV: 12    Int: 17    God:
Gold:   41         SH:  0    Dex: 13    Spells: 7/8 levels left

rFire    . . .     SeeInvis .   b - +0 spear
rCold    . . .     Faith    .   (no shield)
rNeg     . . .     Spirit   .   a - +0 robe
rPois    .         Reflect  .   (helmet restricted)
rElec    .         Harm     .   (no cloak)
rCorr    +         Rampage  .   (no gloves)
Will     .....                  (no boots)
Stlth    ++........             (no amulet)
HPRegen  0.10/turn              i - ring of resist corrosion
MPRegen  0.11/turn              (no ring)

@: no status effects
A: antennae 1, powered by pain 1
a: no special abilities


You were on level 2 of the Dungeon.
You visited 1 branch of the dungeon, and saw 2 of its levels.

You collected 41 gold pieces.

Inventory:

Hand Weapons
 b - a +0 spear (weapon)
Missiles
 g - 21 arrows
Armour
 a - a +0 robe (worn)
Jewellery
 i - a ring of resist corrosion (left hand)
Scrolls
 d - a scroll of enchant weapon {unknown}
 e - 2 scrolls of identify {unknown}
 f - a scroll of magic mapping {unknown}
 h - a scroll of amnesia {unknown}
 k - a scroll of noise {unknown}
Potions
 c - a potion of heal wounds {unknown}
 j - a potion of haste {unknown}


   Skills:
 + Level 2.1 Dodging
 - Level 2.0 Stealth
 + Level 2.8 Spellcasting
 * Level 2.2 Conjurations
 + Level 3.5 Fire Magic


You had 7 spell levels left.
You knew the following spells:

 Your Spells              Type           Power      Damage    Failure   Level
a - Foxfire               Conj/Fire      48%        2x1d6     5%          1

Your spell library contained the following spells:

 Spells                   Type           Power      Damage    Failure   Level
 Conjure Flame            Conj/Fire      12%        6-21      16%         3
 Inner Flame              Hex/Fire       8%         N/A       26%         3
 Sticky Flame             Conj/Fire      12%        2d4       47%         4
 Fireball                 Conj/Fire      6%         3d5       83%         5


Dungeon Overview and Level Annotations

Branches:
Dungeon (2/15)

Altars:


Innate Abilities, Weirdness & Mutations

You have a pair of small antennae on your head.
You sometimes gain a little power by taking damage.


Message History

Casting: Foxfire (safe; 6% risk of failure)
Confirm with . or Enter, or press ? or * to list all spells.
You conjure some foxfire!
The foxfire hits the gnoll.
The gnoll is almost dead.
Unknown command.
You barely miss the gnoll.
The gnoll is almost dead.
The foxfire hits the gnoll.
You kill the gnoll!
The foxfire hits the gnoll.
The gnoll is severely wounded.
The gnoll hits you from afar with a +0 spear.
Casting: Foxfire (safe; 5% risk of failure)
Confirm with . or Enter, or press ? or * to list all spells.
You conjure some foxfire!
The gnoll barely misses you.
Unknown command.
You reach to attack!
You hit the gnoll.
The gnoll is severely wounded.
The foxfire hits the gnoll.
The gnoll is almost dead.
The foxfire hits the gnoll.
You kill the gnoll!
Unknown command.
You reach to attack!
You hit the gnoll but do no damage. You hit the gnoll but do no damage.
The gnoll hits you with a +0 flail!
You completely miss the gnoll. The gnoll hits you with a +0 flail.
Casting: Foxfire (safe; 5% risk of failure)
Confirm with . or Enter, or press ? or * to list all spells.
You conjure some foxfire!
The gnoll closely misses you.
Unknown command.
You hit the gnoll.
The gnoll is moderately wounded.
The foxfire hits the gnoll but does no damage.
The gnoll is moderately wounded.
The foxfire hits the gnoll.
The gnoll is moderately wounded.
The gnoll hits you with a +0 flail!
* * * LOW HITPOINT WARNING * * *
The gnoll hits you with a +0 flail!
You die...

# #........#....... # ..#
.#.####.##.##.#.##.### #
.... .........#.##.#.##.#
).....##.####..#.......>.#
g..... #.####..####.######
.##)##............#
.......##.##..#.###
#.#.#..##.##....#
#.#....)g@ยง..#..#
#.##...##.##....#
#......##.......#
##..............#
#.....####.....# #.....#
#.....# #.....# #.....#
#.....# #.....# #######
###.###


You could see a gnoll.

Vanquished Creatures
  3 gnolls (D:2)
  3 adders (D:2)
  4 dart slugs (D:1)
  2 ball pythons
  5 endoplasms
  A giant cockroach (D:2)
  A goblin (D:1)
  3 hobgoblins
  3 jackals (D:1)
  6 bats
  A kobold (D:1)
  2 rats
34 creatures vanquished.

Vanquished Creatures (others)
  119 foxfires
119 creatures vanquished.

Grand Total: 153 creatures vanquished

Notes
Turn   | Place    | Note
-------+----------+-------------------------------------------
     0 | D:1      | rogsnak the Demonspawn Fire Elementalist began the quest
                  | for the Orb.
     0 | D:1      | Reached XP level 1. HP: 13/13 MP: 3/3
   248 | D:1      | Gained mutation: You sometimes gain a little power by
                  | taking damage. [demonic ancestry]
   248 | D:1      | Reached XP level 2. HP: 19/19 MP: 0/5
   611 | D:1      | Reached skill level 3 in Fire Magic
  1157 | D:1      | Gained mutation: You have a pair of small antennae on your
                  | head. [demonic ancestry]
  1157 | D:1      | Reached XP level 3. HP: 24/24 MP: 0/6
  1411 | D:2      | Found a faded altar of an unknown god.
  1665 | D:2      | Reached XP level 4. HP: 30/30 MP: 2/8
  1899 | D:2      | Slain by a gnoll

Illustrated notes

Levels and vault maps discovered:
D:1:      dpeg_arrival_central, layout_basic, chequers_mini_garden
D:2:      layout_loops_cross, shapermc_ecumenical_altar_starsandcircs

Skill      XL: |  1  2  3 |
---------------+----------+-----
Dodging        | 2 |  2.1
Fire Magic     | 3 |  3.5
Stealth        | 2 |  2.0
Conjurations   | 2 |  2.2
Spellcasting   | |  2.8

Action                   |  1- 3 |  4- 6 || total
-------------------------+-------+-------++-------
Melee: Unarmed           |     2 |       ||     2
       Spear             |    15 |     6 ||    21
 Cast: Foxfire           |    63 |    10 ||    73
Armor: Robe              |     4 |       ||     4
Dodge: Dodged            |    17 |     2 ||    19
